 Dungeon Sprint DCSS version 0.26.1-11-gd32895ea62 (webtiles) character file.

Game seed: 6918149430064736473

7900000 Zeld the Middleweight Champion (level 27, -14/224 HPs)
             Began as an Octopode Gladiator on May 14, 2021.
             Was the Champion of Makhleb.
             Demolished by a meat berserker
             ... wielding a +9 battleaxe
              (45 damage)
             ... in the Dungeon (Sprint VIII: "Arena of Blood").
             The game lasted 00:03:45 (79 turns).

Zeld the Middleweight Champion (Octopode Gladiator)   Turns: 79, Time: 00:03:46

Health: -14/224    AC:  1    Str: 24    XL:     27
Magic:  33/54      EV: 33    Int: 11    God:    Makhleb [******]
Gold:   0          SH:  0    Dex: 15    Spells: 80/80 levels left

rFire    . . .     SeeInvis .   i - +โˆž Axe of Woe
rCold    . . .     Faith    .   (shield currently unavailable)
rNeg     . . .     Spirit   .   a - +0 hat
rPois    .         Reflect  .   (no amulet)
rElec    .         Harm     .   (no ring)
rCorr    .         Rampage  .   (no ring)
Will     ++...     NoTele   +   (no ring)
Stlth    ++++++++++             (no ring)
HPRegen  0.47/turn              (no ring)
MPRegen  0.34/turn              (no ring)
                                (no ring)
                                (no ring)

@: no status effects
A: almost no armour, stealthy swim, amphibious, 8 rings, constrict 8, camouflage
1, gelatinous body 1
a: Renounce Religion, Minor Destruction, Lesser Servant of Makhleb, Major
Destruction, Greater Servant of Makhleb


You were in the Dungeon.
You worshipped Makhleb.
Makhleb was exalted by your worship.
You visited 1 branch

Inventory:

Hand Weapons
 i - the +โˆž Axe of Woe (weapon)
   (You found it in the Dungeon)
Armour
 a - a +0 hat (worn)
Scrolls
 h - a scroll of blinking
Potions
 c - a potion of curing
 d - a potion of heal wounds
 e - a potion of haste
 f - 2 potions of magic
 g - a potion of berserk rage


   Skills:
 O Level 27 Fighting
 O Level 27 Short Blades
 O Level 27 Long Blades
 O Level 27 Axes
 O Level 27 Maces & Flails
 O Level 27 Polearms
 O Level 27 Staves
 O Level 27 Slings
 O Level 27 Bows
 O Level 27 Crossbows
 O Level 27 Throwing
 O Level 27 Dodging
 O Level 27 Stealth
 O Level 27 Shields
 O Level 27 Unarmed Combat
 O Level 27 Spellcasting
 O Level 27 Conjurations
 O Level 27 Hexes
 O Level 27 Summonings
 O Level 27 Necromancy
 O Level 27 Translocations
 O Level 27 Transmutations
 O Level 27 Fire Magic
 O Level 27 Ice Magic
 O Level 27 Air Magic
 O Level 27 Earth Magic
 O Level 27 Poison Magic
 O Level 27 Invocations
 O Level 27 Evocations


You had 80 spell levels left.
You didn't know any spells.
Your spell library was empty.

Dungeon Overview and Level Annotations

Branches:
Dungeon (1/1)

Altars:
Makhleb

Annotations:
D The Servant


Innate Abilities, Weirdness & Mutations

You cannot wear most types of armour.
You are very stealthy in the water. (Stealth+)
You are amphibious.
You can wear up to eight rings at the same time.
You can use your tentacles to constrict eight enemies at once.
Your skin changes colour to match your surroundings (Stealth+).
Your rubbery body absorbs attacks. (AC +1, EV +1)


Message History

A destroyer comes into view. It is wielding a +9 vorpal great sword.
A meat beast comes into view.
You hear a shout!
The destroyer blinks!
A dread comes into view.
You hear a shout! x2
The dread throws damnation at you.
The sphere of damnation explodes!
The damnation engulfs you!!!
* * * LOW HITPOINT WARNING * * *
You hear a shout!
You hear a shout! x4
The destroyer blinks!
You hear a shout! x3
The meat berserker hits you with a +9 battleaxe!!
* * * LOW HITPOINT WARNING * * *
You hear a shout!
Your Executioner barely misses the dread.
Your Executioner hits the dread. Your Executioner hits the dread!
The meat berserker hits you with a +9 battleaxe!!!
You die...

.2.. ..... ...
#... ..# . #...
..# . ..###...
.o###.@
......###....V..
......_...W....
#.)))ยง# #_O@)_#
#2OW)V#
...2.._1.....
.W....###......
..###.O. ..###..
. #.(. ..# .
#.o. ..# .....
...


You could see 2 meat beasts, 2 destroyers, 3 dreads, 3 meat berserkers, a bag of
meat and a friendly Executioner (summoned).

Vanquished Creatures
  3 hell beasts (D)
  3 royal mummies (D)
  A wraith (D)
  5 vampire knights (D)
  18 ogres (D)
  5 two-headed ogres (D)
  4 liches (D)
  37 orcs (D)
  4 skeletal warriors (D)
  3 large abominations (D)
  2 small abominations (D)
  A crawling corpse (D)
86 creatures vanquished.

Vanquished Creatures (others)
  A crawling corpse (D)
1 creature vanquished.

Grand Total: 87 creatures vanquished

Notes
Turn   | Place    | Note
-------+----------+-------------------------------------------
     0 | D        | Found the +โˆž Axe of Woe
     0 | D        | Zeld the Octopode Gladiator began the quest for the Orb.
     0 | D        | Reached XP level 1. HP: 14/14 MP: 1/1
     3 | D        | Noticed a meat berserker
     4 | D        | Became a worshipper of Makhleb the Destroyer
     4 | D        | Noticed a bag of meat
     5 | D        | Noticed a bag of meat
     6 | D        | Noticed a bag of meat
     6 | D        | Noticed a bag of meat
     6 | D        | Noticed a bag of meat
     7 | D        | Killed a meat berserker
     7 | D        | Noticed a bag of meat
     7 | D        | Noticed a bag of meat
     8 | D        | Reached XP level 2. HP: 25/35 MP: 2/2
     8 | D        | Reached XP level 3. HP: 29/40 MP: 3/3
     8 | D        | Reached XP level 4. HP: 33/46 MP: 4/4
     8 | D        | Reached XP level 5. HP: 38/52 MP: 5/5
     8 | D        | Reached XP level 6. HP: 42/58 MP: 6/6
     8 | D        | Reached XP level 7. HP: 46/63 MP: 7/7
     8 | D        | Reached XP level 8. HP: 50/69 MP: 8/8
     8 | D        | Reached XP level 9. HP: 54/74 MP: 9/9
     8 | D        | Reached XP level 10. HP: 59/81 MP: 10/10
     8 | D        | Reached XP level 11. HP: 63/86 MP: 11/11
     8 | D        | Reached XP level 12. HP: 67/92 MP: 12/12
     8 | D        | Reached XP level 13. HP: 71/98 MP: 13/13
     8 | D        | Noticed a meat berserker
     8 | D        | Killed a bag of meat
     8 | D        | Reached * piety under Makhleb
     8 | D        | Noticed a bag of meat
     9 | D        | Reached XP level 14. HP: 22/106 MP: 14/14
     9 | D        | Killed a meat berserker
     9 | D        | Killed a bag of meat
     9 | D        | Killed a bag of meat
     9 | D        | Reached ** piety under Makhleb
     9 | D        | Noticed a bag of meat
     9 | D        | Noticed a meat berserker
     9 | D        | Noticed a bag of meat
     9 | D        | Noticed a meat berserker
    10 | D        | Reached skill level 10 in Axes
    10 | D        | Reached skill level 15 in Throwing
    10 | D        | Reached XP level 15. HP: 101/120 MP: 15/15
    10 | D        | Reached XP level 16. HP: 106/126 MP: 16/16
    11 | D        | Reached skill level 27 in Unarmed Combat
    11 | D        | Reached *** piety under Makhleb
    12 | D        | Reached skill level 15 in Axes
    12 | D        | Reached skill level 27 in Dodging
    12 | D        | Reached XP level 17. HP: 95/139 MP: 17/17
    12 | D        | Noticed a meat berserker
    13 | D        | Reached skill level 5 in Stealth
    13 | D        | Killed a meat berserker
    14 | D        | Reached XP level 18. HP: 89/155 MP: 18/18
    14 | D        | Killed a meat berserker
    14 | D        | Reached **** piety under Makhleb
    16 | D        | Reached skill level 27 in Fighting
    16 | D        | Reached XP level 19. HP: 170/170 MP: 19/19
    16 | D        | Reached ***** piety under Makhleb
    17 | D        | Reached skill level 27 in Axes
    18 | D        | Reached skill level 27 in Throwing
    18 | D        | Killed a meat berserker
    19 | D        | Reached skill level 27 in Stealth
    19 | D        | Reached XP level 20. HP: 177/177 MP: 20/20
    19 | D        | Noticed a meat berserker
    20 | D        | Reached skill level 5 in Poison Magic
    20 | D        | Noticed a meat berserker
    23 | D        | Noticed a large bag of meat
    23 | D        | Killed a meat berserker
    24 | D        | Reached skill level 5 in Spellcasting
    24 | D        | Reached XP level 21. HP: 183/183 MP: 20/29
    25 | D        | Reached skill level 10 in Poison Magic
    25 | D        | Killed a meat berserker
    25 | D        | Reached ****** piety under Makhleb
    26 | D        | Reached skill level 10 in Invocations
    26 | D        | Reached skill level 10 in Evocations
    27 | D        | Noticed a destroyer
    29 | D        | Reached skill level 10 in Hexes
    29 | D        | Reached skill level 10 in Fire Magic
    29 | D        | Reached skill level 10 in Ice Magic
    29 | D        | Reached skill level 10 in Air Magic
    29 | D        | Reached skill level 10 in Earth Magic
    30 | D        | Reached XP level 22. HP: 190/190 MP: 21/35
    32 | D        | Reached skill level 10 in Short Blades
    32 | D        | Reached skill level 10 in Long Blades
    32 | D        | Reached skill level 10 in Maces & Flails
    32 | D        | Reached skill level 10 in Polearms
    32 | D        | Reached skill level 10 in Staves
    32 | D        | Reached skill level 10 in Slings
    32 | D        | Reached skill level 10 in Bows
    32 | D        | Reached skill level 10 in Crossbows
    32 | D        | Reached skill level 10 in Shields
    32 | D        | Reached skill level 10 in Conjurations
    32 | D        | Reached skill level 10 in Summonings
    32 | D        | Reached skill level 10 in Necromancy
    32 | D        | Reached skill level 10 in Translocations
    32 | D        | Reached skill level 10 in Transmutations
    33 | D        | Noticed a destroyer
    33 | D        | Killed a destroyer
    34 | D        | Reached skill level 10 in Spellcasting
    35 | D        | Killed a destroyer
    36 | D        | Reached skill level 15 in Invocations
    36 | D        | Reached skill level 15 in Evocations
    36 | D        | Reached XP level 23. HP: 197/197 MP: 23/38
    36 | D        | Noticed a large bag of meat
    40 | D        | Reached skill level 15 in Hexes
    40 | D        | Reached skill level 15 in Fire Magic
    40 | D        | Reached skill level 15 in Ice Magic
    40 | D        | Reached skill level 15 in Air Magic
    40 | D        | Reached skill level 15 in Earth Magic
    40 | D        | Reached XP level 24. HP: 204/204 MP: 23/40
    41 | D        | Noticed a large bag of meat
    42 | D        | Reached skill level 15 in Short Blades
    42 | D        | Reached skill level 15 in Long Blades
    42 | D        | Reached skill level 15 in Maces & Flails
    42 | D        | Reached skill level 15 in Polearms
    42 | D        | Reached skill level 15 in Staves
    42 | D        | Reached skill level 15 in Slings
    42 | D        | Reached skill level 15 in Bows
    42 | D        | Reached skill level 15 in Crossbows
    42 | D        | Reached skill level 15 in Shields
    42 | D        | Reached skill level 15 in Conjurations
    42 | D        | Reached skill level 15 in Summonings
    42 | D        | Reached skill level 15 in Necromancy
    42 | D        | Reached skill level 15 in Translocations
    42 | D        | Reached skill level 15 in Transmutations
    42 | D        | Noticed a tyrant
    42 | D        | Noticed a large bag of meat
    43 | D        | Killed a large bag of meat
    44 | D        | Reached skill level 15 in Spellcasting
    44 | D        | Reached XP level 25. HP: 150/210 MP: 24/42
    44 | D        | Noticed a large bag of meat
    44 | D        | Noticed a destroyer
    46 | D        | Killed a large bag of meat
    47 | D        | Reached XP level 26. HP: 148/217 MP: 25/43
    47 | D        | Killed a tyrant
    49 | D        | Killed a destroyer
    49 | D        | Noticed a destroyer
    50 | D        | Reached XP level 27. HP: 217/224 MP: 25/44
    51 | D        | Killed a large bag of meat
    52 | D        | Noticed a tyrant
    53 | D        | Noticed an accursed
    53 | D        | Killed a large bag of meat
    53 | D        | Noticed an accursed
    54 | D        | Noticed an accursed
    55 | D        | Killed a large bag of meat
    55 | D        | Noticed a tyrant
    57 | D        | Killed a destroyer
    58 | D        | Noticed a dread
    58 | D        | Killed a dread
    58 | D        | Noticed a meat beast
    59 | D        | Reached skill level 27 in Poison Magic
    59 | D        | Killed an accursed
    59 | D        | Noticed a tyrant
    60 | D        | Killed a tyrant
    61 | D        | Noticed a meat beast
    61 | D        | Noticed a destroyer
    63 | D        | Reached skill level 27 in Invocations
    63 | D        | Reached skill level 27 in Evocations
    63 | D        | Killed a meat beast
    63 | D        | Killed an accursed
    64 | D        | Reached skill level 27 in Hexes
    64 | D        | Reached skill level 27 in Fire Magic
    64 | D        | Reached skill level 27 in Ice Magic
    64 | D        | Reached skill level 27 in Air Magic
    64 | D        | Reached skill level 27 in Earth Magic
    64 | D        | Killed a destroyer
    65 | D        | Killed a tyrant
    65 | D        | Killed a tyrant
    65 | D        | Killed an accursed
    65 | D        | Noticed a meat beast
    65 | D        | Noticed a meat beast
    66 | D        | Reached skill level 27 in Short Blades
    66 | D        | Reached skill level 27 in Long Blades
    66 | D        | Reached skill level 27 in Maces & Flails
    66 | D        | Reached skill level 27 in Polearms
    66 | D        | Reached skill level 27 in Staves
    66 | D        | Reached skill level 27 in Slings
    66 | D        | Reached skill level 27 in Bows
    66 | D        | Reached skill level 27 in Crossbows
    66 | D        | Reached skill level 27 in Shields
    66 | D        | Reached skill level 27 in Conjurations
    66 | D        | Reached skill level 27 in Summonings
    66 | D        | Reached skill level 27 in Necromancy
    66 | D        | Reached skill level 27 in Translocations
    66 | D        | Reached skill level 27 in Transmutations
    67 | D        | Reached skill level 27 in Spellcasting
    70 | D        | Killed a meat beast
    70 | D        | Killed a meat beast
    70 | D        | Noticed The Servant
    70 | D        | Noticed a destroyer
    71 | D        | Noticed a meat beast
    71 | D        | Noticed a dread
    74 | D        | Noticed a dread
    76 | D        | Noticed a meat beast
    78 | D        | Noticed a destroyer
    78 | D        | Noticed a meat beast
    78 | D        | Noticed a dread
    79 | D        | Demolished by a meat berserker

Illustrated notes

Levels and vault maps discovered:
D:        meatsprint

Skill      XL: |  1  2  3  4  5  6  7  8  9 10 11 12 13 14 15 16 17 18 19 20 21 22 23 24 25 26 27 |
---------------+----------------------------------------------------------------------------------+-----
Fighting       | 12 13 17 19 23 27 | 27.0
Throwing       | 11 12 15 17 20 23 27 | 27.0
Dodging        | 20 21 25 27 | 27.0
Unarmed Combat | 20 21 25 27 | 27.0
Axes           | 2 10 15 20 26 27 | 27.0
Stealth        | 3 7 11 27 | 27.0
Short Blades   | 6 9 12 14 16 17 18 27 | 27.0
Long Blades    | 6 9 12 14 16 17 18 27 | 27.0
Maces & Flails | 6 9 12 14 16 17 18 27 | 27.0
Polearms       | 6 9 12 14 16 17 18 27 | 27.0
Staves         | 6 9 12 14 16 17 18 27 | 27.0
Slings         | 6 9 12 14 16 17 18 27 | 27.0
Bows           | 6 9 12 14 16 17 18 27 | 27.0
Crossbows      | 6 9 12 14 16 17 18 27 | 27.0
Shields        | 6 9 12 14 16 17 18 27 | 27.0
Spellcasting   | 5 9 11 13 15 16 17 27 | 27.0
Conjurations   | 6 9 12 14 16 17 18 27 | 27.0
Hexes          | 7 10 14 15 18 20 27 | 27.0
Summonings     | 6 9 12 14 16 17 18 27 | 27.0
Necromancy     | 6 9 12 14 16 17 18 27 | 27.0
Translocations | 6 9 12 14 16 17 18 27 | 27.0
Transmutations | 6 9 12 14 16 17 18 27 | 27.0
Fire Magic     | 7 10 14 15 18 20 27 | 27.0
Ice Magic      | 7 10 14 15 18 20 27 | 27.0
Air Magic      | 7 10 14 15 18 20 27 | 27.0
Earth Magic    | 7 10 14 15 18 20 27 | 27.0
Poison Magic   | 8 12 16 18 20 21 23 27 | 27.0
Invocations    | 7 11 15 16 19 20 22 27 | 27.0
Evocations     | 7 11 15 16 19 20 22 27 | 27.0

Action                   |  1- 3 |  4- 6 |  7- 9 | 10-12 | 13-15 | 16-18 | 19-21 | 22-24 | 25-27 || total
-------------------------+-------+-------+-------+-------+-------+-------+-------+-------+-------++-------
Melee: Executioner's axe |     1 |       |       |       |     2 |     6 |     9 |     9 |    25 ||    52
Throw: Throwing net      |       |       |       |       |       |       |       |       |     3 ||     3
Invok: Greater Servant o |       |       |       |       |       |       |       |       |     1 ||     1
Armor: Skin              |     1 |       |       |       |       |       |       |       |       ||     1
Dodge: Dodged            |       |       |       |       |     1 |     1 |       |       |     3 ||     5
